 Dungeon Crawl Stone Soup version 0.25.0-1-g7eea58d (webtiles) character file.

Game seed: 15857521383558666092

289 Illumine the Skirmisher (level 6, -12/56 HPs)
             Began as a Minotaur Hunter on June 26, 2020.
             Mangled by an ogre
             ... wielding a +0 giant club
              (20 damage)
             ... on level 3 of the Dungeon.
             The game lasted 00:03:16 (2913 turns).

Illumine the Skirmisher (Minotaur Hunter)           Turns: 2913, Time: 00:03:17

Health: -12/56     AC:  6    Str: 19    XL:     6   Next: 9%
Magic:  5/5        EV: 13    Int:  8    God:
Gold:   178        SH:  0    Dex: 10    Spells: 5/5 levels left

rFire    . . .     SeeInvis .   a - +1 hand crossbow
rCold    + . .     Gourm    .   (no shield)
rNeg     . . .     Faith    .   e - +2 leather armour {rC+}
rPois    .         Spirit   .   (helmet restricted)
rElec    .         Reflect  .   (no cloak)
rCorr    .         Harm     .   h - +0 pair of gloves
MR       .....                  (no boots)
Stlth    +.........             (no amulet)
HPRegen  0.18/turn              (no ring)
MPRegen  0.09/turn              (no ring)

@: no status effects
A: retaliatory headbutt, horns 2
a: no special abilities


You were on level 3 of the Dungeon.
You were not hungry.

You visited 1 branch of the dungeon, and saw 3 of its levels.

You collected 178 gold pieces.

Inventory:

Hand Weapons
 a - a +1 hand crossbow (weapon)
 b - a +0 short sword
Missiles
 d - 38 bolts (quivered)
Armour
 c - a +0 leather armour
 e - a +2 leather armour of cold resistance (worn)
 h - a +0 pair of gloves (worn)
Scrolls
 j - 2 scrolls of remove curse {unknown}
 k - 2 scrolls of identify {unknown}
 l - 3 scrolls of enchant weapon {unknown}
Potions
 i - 2 potions of heal wounds {unknown}
 m - a potion of stabbing {unknown}
Comestibles
 f - 4 rations
 g - 4 chunks of flesh


   Skills:
 + Level 5.0 Fighting
 - Level 4.3 Crossbows
 + Level 3.9 Armour
 + Level 4.4 Dodging
 - Level 0.7 Stealth


You had 5 spell levels left.
You didn't know any spells.
Your spell library was empty.

Dungeon Overview and Level Annotations

Branches:
Dungeon (3/15)

Altars:
Dithmenos
Hepliaklqana
Trog


Innate Abilities, Weirdness & Mutations

You reflexively headbutt those who attack you in melee.
You have a pair of horns on your head.


Message History

You shoot a bolt. The bolt barely misses the ogre.
The ogre hits you with a +0 giant club!
Firing (i - inventory)
d - 41 bolts (quivered)
Press: ? - help, Shift-Dir - straight line, f/p - ogre
Aim: an ogre, wielding a +0 giant club You shoot a bolt.
The bolt barely misses the ogre.
The ogre hits you with a +0 giant club!!
Firing (i - inventory)
d - 40 bolts (quivered)
Press: ? - help, Shift-Dir - straight line, f/p - ogre
Aim: an ogre, wielding a +0 giant club You shoot a bolt.
The bolt barely misses the ogre.
The ogre hits you with a +0 giant club!
* * * LOW HITPOINT WARNING * * *
Firing (i - inventory)
d - 39 bolts (quivered)
Press: ? - help, Shift-Dir - straight line, f/p - ogre
Aim: an ogre, wielding a +0 giant club You shoot a bolt.
The bolt hits the ogre.
The ogre is moderately wounded.
The ogre hits you with a +0 giant club!!
You die...

...##..#.....##.#
##.##..#......#.###.
#.##......._......
#.##..##.#......#
#.##..##.##.....#
#.##..##........# #
#.##..#####.....# .#
#.###.# ###.#####.#
#.. ... #.....O@..#
#. #.###.###.#
......(......#
.##%.######..#
...... # # .##


You could see an ogre.

Vanquished Creatures
  Sigmund (D:2)
  6 adders (D:2)
  3 worms (D:2)
  A dart slug (D:1)
  3 leopard geckos
  A ball python (D:2)
  9 bats
  3 giant cockroaches
  9 goblins
  7 hobgoblins
  2 jackals (D:1)
  A quokka (D:2)
  5 frilled lizards
  10 kobolds
  3 rats
64 creatures vanquished.

Notes
Turn   | Place    | Note
-------+----------+-------------------------------------------
     0 | D:1      | Illumine the Minotaur Hunter began the quest for the Orb.
     0 | D:1      | Reached XP level 1. HP: 18/18 MP: 0/0
   172 | D:1      | Reached XP level 2. HP: 25/25 MP: 1/1
   186 | D:1      | Reached skill level 1 in Armour
   205 | D:1      | Reached skill level 3 in Fighting
   590 | D:1      | Reached XP level 3. HP: 31/31 MP: 2/2
  1572 | D:2      | Reached XP level 4. HP: 33/39 MP: 3/3
  2089 | D:2      | Found a bloodstained altar of Trog.
  2090 | D:2      | Found a shadowy altar of Dithmenos.
  2092 | D:2      | Reached skill level 4 in Fighting
  2441 | D:2      | Noticed Sigmund
  2453 | D:2      | Killed Sigmund
  2453 | D:2      | Reached XP level 5. HP: 21/47 MP: 4/4
  2453 | D:2      | Reached XP level 6. HP: 24/55 MP: 5/5
  2885 | D:3      | Reached skill level 5 in Fighting
  2896 | D:3      | Found a hazy altar of Hepliaklqana.
  2913 | D:3      | Mangled by an ogre

Illustrated notes

Levels and vault maps discovered:
D:1:      nicolae_arrival_washed_ashore, layout_basic
D:2:      minmay_inner_zag, layout_rooms, gammafunk_temple_overflow_statue,
          first_ration, chequers_serial_rivers_small_b,
          chequers_serial_rivers_large_b, interstate_on_off, uniq_sigmund
D:3:      layout_basic, nicolae_overflow_crystal_walls,
          okawaru_altar_gauntlet_db

Skill      XL: |  1  2  3  4  5  6 |
---------------+-------------------+-----
Armour         | 1 2 3 |  3.9
Fighting       | 3 4 5 |  5.0
Dodging        | 3 4 |  4.4
Crossbows      | |  4.3
Stealth        | |  0.7

Action                   |  1- 3 |  4- 6 || total
-------------------------+-------+-------++-------
Melee: Short sword       |    91 |    60 ||   151
       Headbutt          |    11 |     8 ||    19
       Unarmed           |     1 |       ||     1
 Fire: Hand crossbow     |     7 |    14 ||    21
 Stab: Sleeping          |       |     1 ||     1
  Eat: Chunk             |     2 |     4 ||     6
Armor: Leather armour    |    29 |    17 ||    46
Dodge: Dodged            |    74 |    44 ||   118
